 Dungeon Crawl Stone Soup version 0.31.0-32-g396128a36d (webtiles) character file.

Game seed: 17044802218569685479

1220 Doomgape the Covered (level 8, -3/52 HPs)
             Began as a Gargoyle Fighter on Apr 1, 2024.
             Slain by a komodo dragon (8 damage)
             ... on level 5 of the Dungeon.
             The game lasted 00:11:21 (4377 turns).

Doomgape the Covered (Gargoyle Fighter)             Turns: 4377, Time: 00:11:22

Health: -3/52      AC: 32    Str: 23    XL:     8   Next: 47%
Magic:  8/8        EV:  3    Int: 11    God:
Gold:   239        SH:  5    Dex:  9    Spells: 7/7 levels left

rFire   . . .        a - +0 flail (venom)
rCold   . . .        c - +0 buckler
rNeg    + + .        e - +9 crystal plate armour of the Chewing Gods {rN+ Int+3 SInv}
rPois   ∞            (no helmet)
rElec   +            (no cloak)
rCorr   .            (no gloves)
SInv    +            (no boots)
Will    .....        (no amulet) Stlth
                     (no ring)
HPRegen 0.28/turn    (no ring)
MPRegen 0.11/turn

%: no passive effects
@: no status effects
A: sickness immunity, AC +5, negative energy resistance 1, electricity
resistance, torment resistance 1, petrification resistance
a: no special abilities


You were on level 5 of the Dungeon.
You visited 2 branches of the dungeon, and saw 6 of its levels.

You collected 239 gold pieces.

Inventory:

Hand Weapons
 a - a +0 flail of venom (weapon)
Armour
 c - a +0 buckler (worn)
 e - the +9 crystal plate armour of the Chewing Gods (worn) {rN+ Int+3 SInv}
   (You acquired it on level 3 of the Dungeon)

   Int+3:     It affects your intelligence (+3).
   rN+:       It protects you from negative energy.
   SInv:      It lets you see invisible.
Scrolls
 b - 4 scrolls of summoning {unknown}
 f - a scroll of amnesia
 g - 2 scrolls of identify
 l - a scroll of fog {unknown}
 o - a scroll of acquirement
 p - a scroll of revelation
Potions
 d - 2 potions of might
 h - 2 potions of lignification {unknown}
 i - a potion of curing
 j - a potion of brilliance {unknown}
 k - a potion of resistance {unknown}
 m - 2 potions of enlightenment {unknown}
 n - a potion of magic {unknown}


   Skills:
 + Level 6.3 Fighting
 + Level 5.2 Maces & Flails
 + Level 6.3 Armour
 + Level 6.3 Shields


You had 7 spell levels left.
You didn't know any spells.
Your spell library contained the following spells:

 Spells                   Type           Power      Damage    Failure   Level
 Magic Dart               Conj           0%         1d3       100%        1
 Searing Ray              Conj           0%         2d4       100%        2
 Fugue of the Fallen      Necr           0%         N/A       100%        3
 Ozocubu's Armour         Ice            0%         N/A       100%        3
 Fulminant Prism          Conj/Alch      0%         3d5       100%        4
 Manifold Assault         Tloc           0%         N/A       100%        4


Dungeon Overview and Level Annotations

Branches:
Dungeon (5/15)             Temple (1/1) D:4

Altars:
Ashenzari
Cheibriados
Elyvilon
Makhleb
Qazlal
Sif Muna
Uskayaw
Wu Jian
Xom
Zin
The Shining One


Innate Abilities, Weirdness & Mutations

You are immune to sickness and miasma.
Your stone body is resilient. (AC +5)
You are immune to poison.
You resist negative energy. (rN+)
You are resistant to electric shocks. (rElec)
You are resistant to unholy torment.
You are immune to petrification.


Message History

The ice beast is severely wounded.
The ice beast hits you but does no damage.
You sock the ice beast!
You kill the ice beast!
You start resting.
HP restored.
You see here 7 stones.
Found a mace.
You see here a +0 mace.
There is an open door here.
Found a hand axe.
You see here a +0 hand axe.
A komodo dragon comes into view.
The komodo dragon hisses angrily.
You block the komodo dragon's attack.
The komodo dragon attacks as it pursues you!
You block the komodo dragon's attack.
The komodo dragon attacks as it pursues you!
The komodo dragon bites you but does no damage.
You hit the komodo dragon.
The komodo dragon is poisoned.
The komodo dragon is lightly wounded.
The komodo dragon bites you but does no damage.
You hit the komodo dragon but do no damage.
The komodo dragon looks as sick as possible!
The komodo dragon is lightly wounded.
The komodo dragon bites you!!
You hit the komodo dragon but do no damage.
The komodo dragon looks as sick as possible!
The komodo dragon is moderately wounded.
The komodo dragon bites you!
You hit the komodo dragon.
The komodo dragon looks as sick as possible!
The komodo dragon is moderately wounded.
The komodo dragon bites you but does no damage.
The komodo dragon bites you!
* * * LOW HITPOINT WARNING * * *
You barely miss the komodo dragon.
The komodo dragon is moderately wounded.
The komodo dragon bites you!
You die...

##....#.##.#.##.#...#
#.##.##......##.#...##
#....##.####.........#
#.##......##.####)..'#
...###.###......##.##..
#.....)##.####........
#.#.##......####.##...
..##.#.##.#.##......###.#
........@.#.##.#.##......
#######l###.. .. ##.##<.
#...# #.###......###
#.#......###.#.#.... #.
.#.##.#.. .. .### #. .#.#
.#. ### ## # #. ## . .. #
#. .. #. .#


You could see a komodo dragon (extremely poisoned).

Vanquished Creatures
  Grinder (D:3)
  An ice beast (D:5)
  A black bear (D:4)
  2 ogres (D:5)
  A centaur (D:5)
  A scorpion (D:4)
  A hound (D:5)
  5 jellies
  A sleepcap (D:4)
  2 orc wizards (D:5)
  3 iguanas (D:4)
  Robin (D:2)
  3 gnolls (D:4)
  3 adders
  3 ribbon worms
  3 dart slugs
  6 orcs
  10 endoplasms
  2 giant cockroaches
  13 goblins
  13 hobgoblins
  8 jackals
  2 quokkas
  8 ball pythons
  9 bats
  5 frilled lizards
  6 kobolds
  7 rats
121 creatures vanquished.

Notes
Turn   | Place    | Note
-------+----------+-------------------------------------------
     0 | D:1      | Doomgape the Gargoyle Fighter began the quest for the Orb.
     0 | D:1      | Reached XP level 1. HP: 14/14 MP: 1/1
   101 | D:1      | Reached XP level 2. HP: 15/19 MP: 2/2
   830 | D:1      | Reached XP level 3. HP: 24/24 MP: 3/3
   977 | D:2      | Found a faded altar of an unknown god.
  1176 | D:2      | Noticed Robin
  1233 | D:2      | Reached XP level 4. HP: 18/29 MP: 4/4
  1242 | D:2      | Killed Robin
  2081 | D:3      | Identified 2 scrolls of acquirement
  2081 | D:3      | Acquired the +9 crystal plate armour of the Chewing Gods
                  | {rN+ Int+3 SInv}
  2212 | D:3      | Reached XP level 5. HP: 33/33 MP: 5/5
  2579 | D:3      | Noticed Grinder
  2605 | D:3      | Paralysed by Grinder for 4 turns
  2613 | D:3      | Killed Grinder
  2614 | D:3      | Reached XP level 6. HP: 40/40 MP: 6/6
  2789 | D:4      | Reached skill level 5 in Fighting
  2789 | D:4      | Reached skill level 5 in Shields
  2795 | D:4      | Reached skill level 5 in Armour
  2795 | D:4      | Reached XP level 7. HP: 43/44 MP: 7/7
  2812 | D:4      | Found a shimmering blue altar of Sif Muna.
  2878 | D:4      | Found a shimmering altar of Xom.
  2897 | D:4      | Found a staircase to the Ecumenical Temple.
  2932 | D:4      | Found a burning altar of Makhleb.
  3030 | D:4      | Found a snail-covered altar of Cheibriados.
  3061 | Temple   | Entered the Ecumenical Temple
  3485 | D:4      | Found a stormy altar of Qazlal.
  3572 | D:5      | Entered Level 5 of the Dungeon
  3664 | D:5      | Reached XP level 8. HP: 16/51 MP: 8/8
  3996 | D:5      | Reached skill level 5 in Maces & Flails
  4368 | D:5      | Noticed a komodo dragon
  4377 | D:5      | Slain by a komodo dragon

Illustrated notes

Levels and vault maps discovered:
D:1:      tarquinn_simple_flora_water_f, layout_basic
D:2:      layout_basic, ebering_ecumenical_altar_petrified, uniq_robin
D:3:      layout_loops_corners, uniq_grinder
D:4:      layout_cave_pools, mainiacjoe_overflow_tiny_flanked,
          lemuel_crystal_altar, mainiacjoe_overflow_24_doors, dk_xom_monty_hall,
          kennysheep_mini, minmay_temple_entry_trees
D:5:      layout_basic, nicolae_letterblocks [nicolae_letter_subblock,
          nicolae_letter_subblock, nicolae_letter_subblock,
          nicolae_letter_subblock, nicolae_letter_subblock,
          nicolae_letter_subblock, nicolae_letter_subblock,
          nicolae_letter_subblock, nicolae_letter_subblock,
          nicolae_letter_subblock, nicolae_letter_subblock,
          nicolae_letter_subblock, nicolae_letter_subblock,
          nicolae_letter_subblock, nicolae_letter_subblock,
          nicolae_letter_subblock, nicolae_letter_subblock,
          nicolae_letter_subblock, nicolae_letter_subblock,
          nicolae_letter_subblock, nicolae_letter_subblock,
          nicolae_letter_subblock, nicolae_letter_subblock,
          nicolae_letter_subblock, nicolae_letter_subblock]
Temple:   nicolae_temple_bog_church

Skill      XL: |  1  2  3  4  5  6  7  8 |
---------------+-------------------------+-----
Fighting       | 4 5 6 |  6.3
Armour         | 4 5 6 |  6.3
Shields        | 4 5 6 |  6.3
Maces & Flails | 3 4 5 |  5.2

Action                     |  1- 3 |  4- 6 |  7- 9 || total
---------------------------+-------+-------+-------++-------
  Melee: Flail             |   143 |   137 |   148 ||   428
    Use: Scroll            |     3 |     8 |       ||    11
         Potion            |     1 |       |       ||     1
 Armour: Scale mail        |   117 |    71 |       ||   188
         Crystal plate arm |       |    66 |   164 ||   230
  Dodge: Dodged            |    91 |    57 |    19 ||   167
  Block: Buckler           |    35 |    35 |    40 ||   110
